 Dungeon Crawl Stone Soup version 0.28-a0-973-ga7f8b01127 (webtiles) character file.

Game seed: 8019595762947295827

501 vurker the Chiller (level 7, 0/57 HPs)
             Began as a Ghoul Ice Elementalist on Dec 1, 2021.
             Slain by Pikel (1 damage)
             ... on level 4 of the Dungeon.
             The game lasted 00:05:49 (4473 turns).

vurker the Chiller (Ghoul Ice Elementalist)         Turns: 4473, Time: 00:05:50

Health: 0/57       AC:  3    Str: 12    XL:     7   Next: 17%
Magic:  1/12       EV: 12    Int: 12    God:
Gold:   149        SH:  0    Dex:  9    Spells: 10/14 levels left

rFire   . . .      SeeInvis +   (no weapon)
rCold   + . .      Faith    .   (no shield)
rNeg    + + +      Spirit   .   a - +0 robe
rPois   ∞          Reflect  .   (no helmet)
rElec   .          Harm     .   j - +0 cloak
rCorr   .          Rampage  .   (no gloves)
Will    .....                   (no boots)
Stlth   ++........              (no amulet)
HPRegen 0.00/turn               h - ring of see invisible
MPRegen 0.13/turn               (no ring)

@: freezing walls, inhibited regen
A: claws 1, cold resistance 1, negative energy resistance 3, inhibited
regeneration, torment resistance 2
a: no special abilities


You were on level 4 of the Dungeon.
You visited 1 branch of the dungeon, and saw 4 of its levels.

You collected 149 gold pieces.

Inventory:

Armour
 a - a +0 robe (worn)
 j - a +0 cloak (worn)
   (You found it on level 3 of the Dungeon)
Jewellery
 h - a ring of see invisible (left claw)
   (You found it on level 3 of the Dungeon)
Wands
 d - a wand of iceblast (3)
   (You took it off a goblin on level 4 of the Dungeon)
 v - a wand of digging (8)
   (You took it off Sigmund on level 2 of the Dungeon)
Scrolls
 b - a scroll of magic mapping {unknown}
 e - a scroll of vulnerability {unknown}
 f - a scroll of teleportation {unknown}
 g - 2 scrolls of fear {unknown}
 i - a scroll of acquirement {unknown}
 k - a scroll of amnesia {unknown}
 p - 2 scrolls of brand weapon {unknown}
 r - a scroll of identify {unknown}
 s - a scroll of blinking {unknown}
Potions
 l - a potion of magic {unknown}
 m - a potion of attraction {unknown}
 n - a potion of might {unknown}
 o - a potion of flight {unknown}
 q - a potion of degeneration {unknown}


   Skills:
 + Level 3.3 Fighting
 - Level 1.7 Dodging
 - Level 2.1 Stealth
 * Level 4.2 Spellcasting
 * Level 6.7 Ice Magic


You had 10 spell levels left.
You knew the following spells:

 Your Spells              Type           Power      Damage    Failure   Level
a - Freeze                Ice            72%        1d9       1%          1
b - Frozen Ramparts       Ice            36%        1d5       4%          3

Your spell library contained the following spells:

 Spells                   Type           Power      Damage    Failure   Level
 Ozocubu's Armour         Ice            18%        N/A       4%          3
 Foxfire                  Conj/Fire      8%         2x1d4     22%         1
 Slow                     Hex            8%         N/A       22%         1
 Passwall                 Tmut/Erth      1%         N/A       32%         2
 Hailstorm                Conj/Ice       10%        3d5       50%         4
 Confusing Touch          Hex            2%         N/A       54%         3
 Conjure Flame            Conj/Fire      2%         6-21      54%         3
 Inner Flame              Hex/Fire       2%         N/A       54%         3
 Swiftness                Air            2%         N/A       54%         3
 Vampiric Draining        Necr           2%         2d6       54%         3
 Flame Wave               Conj/Fire      2%         2d4       91%         4


Dungeon Overview and Level Annotations

Branches:
Dungeon (4/15)
 Temple: D:4-7

Altars:

Shops:
D:4 !

Annotations:
D:4 Pikel


Innate Abilities, Weirdness & Mutations

You thrive by killing the living.
You are immune to poison.
You have sharp fingernails.
Your flesh is cold resistant. (rC+)
You are immune to negative energy. (rN+++)
You do not regenerate when monsters are visible.
You are immune to unholy pain and torment.


Message History

Aim: a lemure (heavily wounded)
You freeze the lemure.
Pikel resists.
The wall freezes Pikel.
The wall freezes the lemure.
The lemure barely misses you.
Aim: a lemure (heavily wounded)
You freeze the lemure.
The wall freezes the lemure.
The lemure hits you.
Pikel resists.
The wall freezes Pikel.
You barely miss the lemure.
The wall freezes the lemure.
Pikel completely resists.
The wall freezes Pikel but does no damage.
Aim: Pikel, wielding a +1 whip of freezing and wearing a +2 robe of resistance (lightly wounded)
You freeze Pikel.
Pikel resists.
The wall freezes the lemure. x2
Unknown command.
Aim: Pikel, wielding a +1 whip of freezing and wearing a +2 robe of resistance (lightly wounded)
You freeze Pikel.
Pikel resists.
The wall freezes the lemure.
Pikel resists.
The wall freezes Pikel.
Pikel closely misses you.
The wall freezes the lemure.
You kill the lemure!
That felt strangely unrewarding.
The lemure shouts!
You scratch Pikel but do no damage.
The wall freezes the lemure.
Pikel resists.
The wall freezes Pikel.
Pikel closely misses you.
The wall freezes the lemure.
You closely miss Pikel.
Pikel resists.
The wall freezes Pikel.
Pikel hits you but does no damage.
The wall freezes the lemure.
You scratch Pikel but do no damage.
Pikel resists.
The wall freezes Pikel.
Pikel hits you with a +1 whip of freezing!
* * * LOW HITPOINT WARNING * * *
Pikel freezes you.
* * * LOW HITPOINT WARNING * * *
The wall freezes the lemure.
Your frozen ramparts will break if you move.
Continue?
The frozen ramparts melt away as you move.
Okay, then.
The walls around you are covered in ice.
Pikel resists.
The wall freezes Pikel.
Pikel hits you with a +1 whip of freezing.
* * * LOW HITPOINT WARNING * * *
You closely miss Pikel.
Pikel resists.
The wall freezes Pikel.
Pikel hits you with a +1 whip of freezing.
* * * LOW HITPOINT WARNING * * *
It was a potion of curing.
You feel better.
Pikel resists.
The wall freezes Pikel.
Pikel hits you with a +1 whip of freezing!
* * * LOW HITPOINT WARNING * * *
Pikel freezes you.
* * * LOW HITPOINT WARNING * * *
The wall freezes the lemure.
You feel better.
Pikel resists.
The wall freezes Pikel.
Pikel hits you with a +1 whip of freezing!
* * * LOW HITPOINT WARNING * * *
Pikel freezes you.
You die...

#.#####.####5÷..###.#
.#
#.#...#......###..#.#
# #.#.>...####5#
#..#.# #......)#
#.###..#.# #.......#
##.......# ##.#.##.#
#.5..#.### #...##.#
#5...#.# #.####.#
#K####.#
#.####.####@####.#
#.....)##.....##.#
#.#######.....##..
#.# #.....#### #.#
#..).)# #.####
#.....# #....##
####### # #.###.#
###.. #..)#.# #....#


You could see Pikel and 2 lemures.

Vanquished Creatures
  Sigmund (D:2)
  A black bear (D:4)
  2 lemures (D:4)
  A bullfrog skeleton (D:4)
  2 orc priests
  A hound (D:2)
  3 adders
  An adder skeleton (D:4)
  3 worms
  3 dart slugs (D:3)
  10 orcs
  8 ball pythons
  5 endoplasms
  8 hobgoblins
  9 jackals
  5 quokkas
  2 bats
  4 frilled lizards
  7 goblins
  9 kobolds
  6 rats
91 creatures vanquished.

Notes
Turn   | Place    | Note
-------+----------+-------------------------------------------
     0 | D:1      | vurker the Ghoul Ice Elementalist began the quest for the
                  | Orb.
     0 | D:1      | Reached XP level 1. HP: 14/14 MP: 2/2
   237 | D:1      | Reached XP level 2. HP: 8/22 MP: 0/4
  1001 | D:1      | Found a faded altar of an unknown god.
  1001 | D:1      | Noticed a hellwing
  1024 | D:1      | Reached skill level 1 in Fighting
  1127 | D:1      | Reached XP level 3. HP: 28/28 MP: 1/5
  1495 | D:2      | Noticed Sigmund
  1503 | D:2      | Learned a level 3 spell: Frozen Ramparts
  1647 | D:2      | Reached skill level 5 in Ice Magic
  2188 | D:2      | Reached XP level 4. HP: 35/35 MP: 3/6
  2437 | D:2      | Killed Sigmund
  2438 | D:2      | Reached XP level 5. HP: 30/42 MP: 0/9
  2553 | D:2      | Reached skill level 6 in Ice Magic
  2553 | D:2      | Reached XP level 6. HP: 50/50 MP: 2/10
  3686 | D:4      | Noticed a black bear
  3694 | D:4      | Killed a black bear
  4120 | D:4      | Reached XP level 7. HP: 57/57 MP: 6/12
  4335 | D:4      | Found Tyxey's Distillery.
  4432 | D:4      | Noticed Pikel
  4472 | D:4      | HP: 2/57 [Pikel (2)]
  4473 | D:4      | Slain by Pikel

Illustrated notes

Levels and vault maps discovered:
D:1:      nicolae_arrival_memento_mori, layout_loops_cross,
          dreamdust_ecumenical_altar_sealed_demon
D:2:      layout_loops_ring, uniq_sigmund
D:3:      layout_rooms, minmay_ruptured
D:4:      layout_loops_cross, serial_shops, nicolae_shop_waterfront, uniq_pikel

Skill      XL: |  1  2  3  4  5  6 |
---------------+-------------------+-----
Spellcasting   | 2 3 4 |  4.2
Fighting       | 1 2 3 |  3.3
Ice Magic      | 5 6 |  6.7
Dodging        | |  1.7
Stealth        | |  2.1

Action                   |  1- 3 |  4- 6 |  7- 9 || total
-------------------------+-------+-------+-------++-------
Melee: Unarmed           |    39 |    21 |    25 ||    85
 Cast: Freeze            |    65 |    35 |    10 ||   110
       Frozen Ramparts   |       |    25 |     6 ||    31
  Use: Potion            |       |       |     2 ||     2
 Stab: Sleeping          |     1 |       |       ||     1
Armor: Robe              |    15 |     6 |     6 ||    27
Dodge: Dodged            |    49 |    32 |    15 ||    96

Table legend: (Time is in decaauts)
 A = Elapsed time spent in this place.
 B = Non-inter-level travel time spent in this place.
 C = Inter-level travel time spent in this place.
 D = Time resting spent in this place.
 E = Time spent auto-exploring this place.
 F = Levels seen in this place.
 G = Mean time per level.
                   A        B        C        D        E       F      G
               +--------+--------+--------+--------+--------+-----+--------+
         Total |   4472 |   4391 |     81 |     58 |   3641 |   4 | 1118.0 |
       Dungeon |   4472 |   4391 |     81 |     58 |   3641 |   4 | 1118.0 |
               +--------+--------+--------+--------+--------+-----+--------+

Top non-repeatable levels by time:
     D:2: 1309 daAuts
     D:1: 1306 daAuts
     D:4: 976 daAuts
     D:3: 880 daAuts
